 Dungeon Crawl Stone Soup version 0.29.1-15-g9cfb28693d (webtiles) character file.

Game seed: 13198389254050976767

19564 BuddhaDhamma the Executioner (level 12, -13/90 HPs)
             Began as a Minotaur Berserker on Mar 24, 2023.
             Was a High Priest of Trog.
             Shot with an arrow by a centaur warrior (16 damage)
             ... on level 11 of the Dungeon.
             The game lasted 00:20:47 (10438 turns).

BuddhaDhamma the Executioner (Minotaur Berserker)  Turns: 10438, Time: 00:20:47

Health: -13/90     AC: 23    Str: 25    XL:     12   Next: 37%
Magic:  11/11      EV:  7    Int:  4    God:    Trog [*****.]
Gold:   624        SH:  5    Dex: 12    Spells: 11/11 levels left

rFire   . . .      SeeInvis .   I - +3 broad axe (vorpal)
rCold   . . .      Faith    .   L - +2 buckler {AC+3}
rNeg    . . .      Spirit   .   u - +0 plate armour
rPois   .          Reflect  .   D - +1 hat
rElec   .          Harm     .   a - +2 cloak
rCorr   .          Rampage  .   b - +2 pair of gloves
Will    .....                   x - +1 pair of boots
Stlth   ..........              y - amulet of Vitality {RegenMP++ Regen++}
HPRegen 1.85/turn               (no ring)
MPRegen 0.92/turn               (no ring)

@: no status effects
A: horns 2, retaliatory headbutt
a: Renounce Religion, Berserk, Trog's Hand, Brothers in Arms


You were on level 11 of the Dungeon.
You worshipped Trog.
Trog was extremely pleased with you.
You visited 1 branch of the dungeon, and saw 11 of its levels.

You collected 624 gold pieces.

Inventory:

Hand Weapons
 f - a +0 battleaxe
 I - a +3 vorpal broad axe (weapon)
Missiles
 l - 32 poisoned darts (quivered)
 B - 3 throwing nets
Armour
 a - a +2 cloak (worn)
 b - a +2 pair of gloves (worn)
 u - a +0 plate armour (worn)
 x - a +1 pair of boots (worn)
 D - a +1 hat (worn)
 L - a +2 buckler of protection (worn)
Jewellery
 d - a +6 ring of intelligence
 g - an amulet of reflection
 h - an amulet of regeneration
 o - a +6 ring of intelligence
 s - a ring of protection from cold
 y - the amulet of Vitality (around neck) {RegenMP++ Regen++}
   (You acquired it on level 9 of the Dungeon)

   [amulet of magic regeneration]

   It increases your rate of magic regeneration.
   Regen:     It increases your rate of health regeneration.
 H - an amulet of magic regeneration
 N - a ring of ice
Wands
 e - a wand of roots (6)
 p - a wand of flame (18)
Scrolls
 i - 7 scrolls of teleportation
 r - 2 scrolls of poison
 t - 3 scrolls of butterflies
 C - 3 scrolls of magic mapping
 K - a scroll of identify
 M - a scroll of silence {unknown}
Potions
 c - a potion of mutation
 j - a potion of berserk rage
 k - 5 potions of curing
 m - 3 potions of heal wounds
 n - 3 potions of magic
 q - 2 potions of degeneration
 v - 3 potions of might
 w - 3 potions of lignification {unknown}
 z - 2 potions of invisibility
 A - 3 potions of resistance
 E - 2 potions of brilliance {unknown}
 F - a potion of haste {unknown}
 G - 2 potions of attraction {unknown}
 J - a potion of cancellation {unknown}


   Skills:
 - Level 3.6 Fighting
 + Level 23.5 Axes
 - Level 2.4 Armour
 - Level 2.1 Dodging


You had 11 spell levels left.
You didn't know any spells.
Your spell library was empty.

Dungeon Overview and Level Annotations

Branches:
Dungeon (11/15)            Temple (0/1) D:6            Lair (0/5) D:9
    Orc (0/2) D:10

Altars:
Ashenzari
Dithmenos
Gozag
Kikubaaqudgha
Sif Muna
Trog
Yredelemnul

Shops:
D:10 *   D:11 (


Innate Abilities, Weirdness & Mutations

You have a pair of horns on your head.
You reflexively headbutt those who attack you in melee.


Message History

You block the deep elf pyromancer's attack.
You barely miss the deep elf pyromancer.
Your headbutt misses the deep elf pyromancer.
The deep elf pyromancer is almost dead.
You barely miss the deep elf pyromancer.
The deep elf pyromancer is almost dead.
The deep elf pyromancer gestures at you while chanting.
The sticky flame hits you.
You are covered in liquid flames!
You hit the deep elf pyromancer.
You kill the deep elf pyromancer!
Trog accepts your kill.
Trog appreciates your killing of a magic user.
The fire elemental disappears in a puff of smoke!
You are covered in liquid flames!
You hear a loud twanging sound.
An arrow appears from out of thin air!
The centaur warrior wields a +0 longbow.
The centaur warrior shoots an arrow.
You closely miss something. Your headbutt misses something.
You are covered in liquid flames!
The shadow strikes at you from the darkness!
* * * LOW HITPOINT WARNING * * *
Reactivating autopickup.
A kobold brigand comes into view.
It is wielding a +0 whip and quivering poisoned darts.
A boulder beetle comes into view.
The kobold brigand shouts!
You slash the shadow!
You destroy the shadow!
Trog accepts your kill.
You are covered in liquid flames!
* * * LOW HITPOINT WARNING * * *
You are no longer on fire.
You hear a loud twanging sound.
An arrow appears from out of thin air!
Deactivating autopickup; reactivate with Ctrl-A.
The arrow hits you.
* * * LOW HITPOINT WARNING * * *
The centaur warrior shoots an arrow.
The arrow hits you!
You die...

.(∩..# #.# #..##
.(#..# #.# ##.##
###..# #.# #..#.
..## #.#####.##B
### #....#..#.#
#.##...##.##
########.###..#{hc
.........# #.###)#
#######.)# ..#.#@#
#..##.##.#(#
#..#..#..#.#
#..#.###.#.# #
#....#.#.#.#)#.#
#.##.#...K.....#
#.
#.)###############
#.
#.................
#.
#########.<.......


You could see a boulder beetle, a centaur warrior, a black bear and a kobold
brigand.

Vanquished Creatures
  Fannar (D:11)
  A hydra (D:11)
  A boulder beetle (D:9)
  A catoblepas (D:10)
  3 centaur warriors
  A two-headed ogre (D:9)
  3 death yaks
  A deep elf pyromancer (D:11)
  An ugly thing (D:9)
  A manticore (D:10)
  A cyclops (D:11)
  An unseen horror (shapeshifter) (D:10)
  Maggie (D:8)
  A tengu conjurer (D:9)
  A freezing wraith (D:9)
  2 hornets
  Prince Ribbit (D:9)
  Sigmund (D:6)
  3 shadows (D:11)
  22 yaks
  A wyvern (D:9)
  2 steam dragons
  4 vampire mosquitoes
  2 water moccasins
  A floating eye (shapeshifter) (D:10)
  Duvessa (D:7)
  2 black bears
  An ogre (D:7)
  6 centaurs
  2 phantoms
  4 kobold brigands
  A bullfrog (D:6)
  2 gnoll sergeants
  4 scorpions
  11 wights
  Dowan (D:7)
  15 killer bees
  3 howler monkeys
  4 hounds
  2 gnoll boudas
  A jelly (D:6)
  12 orc priests
  11 orc wizards
  4 iguanas (D:5)
  16 gnolls
  8 adders
  An adder (shapeshifter) (D:9)
  A shadow imp (D:6)
  2 white imps
  3 ufetubi
  A dart slug (D:4)
  29 orcs
  6 bats
  7 endoplasms
  2 giant cockroaches
  8 goblins
  7 hobgoblins
  9 jackals
  17 kobolds
  5 quokkas
  3 training dummies (D:11)
  8 ball pythons
  5 frilled lizards
  6 rats
289 creatures vanquished.

Vanquished Creatures (collateral kills)
  A cyclops (D:10)
  A gargoyle (D:10)
  An orc warrior (D:10)
  3 orcs (D:10)
6 creatures vanquished.

Vanquished Creatures (others)
  A gnoll (D:8)
  11 plants (D:9)
12 creatures vanquished.

Grand Total: 307 creatures vanquished

Notes
Turn   | Place    | Note
-------+----------+-------------------------------------------
     0 | D:1      | BuddhaDhamma the Minotaur Berserker began the quest for the
                  | Orb.
     0 | D:1      | Reached XP level 1. HP: 19/19 MP: 0/0
    60 | D:1      | Reached skill level 4 in Axes
    95 | D:1      | Reached XP level 2. HP: 25/26 MP: 1/1
   596 | D:1      | Reached skill level 5 in Axes
   629 | D:1      | Found a faded altar of an unknown god.
   916 | D:2      | Reached XP level 3. HP: 30/31 MP: 2/2
   917 | D:2      | Reached ** piety under Trog
  1379 | D:2      | Reached skill level 6 in Axes
  1379 | D:2      | Reached XP level 4. HP: 39/39 MP: 3/3
  1725 | D:3      | Found a bloodstained altar of Trog.
  2673 | D:3      | Reached *** piety under Trog
  2674 | D:3      | Reached skill level 7 in Axes
  2674 | D:3      | Reached XP level 5. HP: 45/45 MP: 4/4
  2959 | D:4      | Noticed a phantom
  2970 | D:4      | Killed a phantom
  2971 | D:4      | Reached skill level 8 in Axes
  2971 | D:4      | Reached XP level 6. HP: 50/51 MP: 5/5
  3663 | D:5      | Entered Level 5 of the Dungeon
  3675 | D:5      | Reached skill level 9 in Axes
  3834 | D:5      | Reached XP level 7. HP: 57/57 MP: 6/6
  3886 | D:5      | Reached skill level 10 in Axes
  4064 | D:5      | Found a broken altar of Ashenzari.
  4402 | D:6      | Found a staircase to the Ecumenical Temple.
  4529 | D:6      | Reached skill level 11 in Axes
  4828 | D:6      | Reached XP level 8. HP: 63/64 MP: 7/7
  5115 | D:6      | Noticed Sigmund
  5126 | D:6      | Killed Sigmund
  5127 | D:6      | Reached skill level 12 in Axes
  5236 | D:6      | Reached **** piety under Trog
  5646 | D:7      | Reached skill level 13 in Axes
  5689 | D:7      | Noticed Duvessa
  5689 | D:7      | Noticed Dowan
  5702 | D:7      | Killed Dowan
  5704 | D:7      | Killed Duvessa
  5707 | D:7      | Reached skill level 14 in Axes
  6132 | D:7      | Found an ancient bone altar of Kikubaaqudgha.
  6154 | D:7      | Reached XP level 9. HP: 70/70 MP: 8/8
  6378 | D:7      | Paralysed by a hornet for 3 turns
  6388 | D:7      | Reached skill level 15 in Axes
  6388 | D:7      | HP: 1/70 [poisoned by a hornet]
  7186 | D:7      | Reached skill level 16 in Axes
  7333 | D:8      | Noticed Maggie
  7364 | D:8      | Reached skill level 17 in Axes
  7364 | D:8      | Reached XP level 10. HP: 65/77 MP: 9/9
  7385 | D:8      | Killed Maggie
  7837 | D:9      | Noticed a death yak
  7866 | D:9      | Killed a death yak
  7875 | D:9      | Noticed a death yak
  7875 | D:9      | Noticed a death yak
  7903 | D:8      | Killed a death yak
  7904 | D:8      | Reached skill level 18 in Axes
  7947 | D:8      | Killed a death yak
  7948 | D:8      | Reached skill level 19 in Axes
  8029 | D:8      | Reached ***** piety under Trog
  8065 | D:9      | Found a staircase to the Lair.
  8097 | D:9      | Noticed Prince Ribbit
  8114 | D:9      | Killed Prince Ribbit
  8158 | D:9      | Noticed a centaur warrior
  8170 | D:9      | Killed a centaur warrior
  8171 | D:9      | Reached XP level 11. HP: 81/82 MP: 10/10
  8320 | D:9      | Found an opulent altar of Gozag.
  8434 | D:9      | Reached skill level 20 in Axes
  8441 | D:9      | Noticed a two-headed ogre
  8441 | D:9      | Noticed a purple ugly thing
  8454 | D:9      | Killed a two-headed ogre
  8460 | D:9      | Killed a purple ugly thing
  8481 | D:9      | Noticed a centaur warrior
  8616 | D:9      | Killed a centaur warrior
  8725 | D:9      | Reached skill level 21 in Axes
  8828 | D:9      | Noticed a boulder beetle
  8851 | D:9      | Killed a boulder beetle
  8996 | D:9      | Identified a scroll of acquirement
  8996 | D:9      | Acquired the amulet of Vitality {RegenMP++ Regen++}
  8996 | D:9      | Found the amulet of Vitality {RegenMP++ Regen++}
  9033 | D:10     | Entered Level 10 of the Dungeon
  9067 | D:10     | Noticed a catoblepas
  9080 | D:10     | Killed a catoblepas
  9219 | D:10     | Found a shimmering blue altar of Sif Muna.
  9219 | D:10     | Found a shadowy altar of Dithmenos.
  9219 | D:10     | Found a basalt altar of Yredelemnul.
  9247 | D:10     | Found Kemm's Serpentskin Sales.
  9252 | D:10     | Received a gift from Trog
  9420 | D:10     | Reached skill level 22 in Axes
  9673 | D:10     | Found a staircase to the Orcish Mines.
  9832 | D:10     | Reached XP level 12. HP: 90/90 MP: 11/11
  9852 | D:10     | Noticed a centaur warrior
  9862 | D:10     | Killed a centaur warrior
 10084 | D:10     | Acquired a +2 buckler of protection
 10188 | D:11     | Found Dilal's Firing Range.
 10321 | D:11     | Noticed an eight-headed hydra
 10330 | D:11     | Killed a 12-headed hydra
 10331 | D:11     | Reached skill level 23 in Axes
 10377 | D:11     | Noticed Fannar
 10386 | D:11     | Killed Fannar
 10417 | D:11     | Noticed a centaur warrior
 10431 | D:11     | Noticed a centaur warrior
 10437 | D:11     | Noticed a boulder beetle
 10438 | D:11     | HP: 3/90 [something (5)]
 10438 | D:11     | Shot with an arrow by a centaur warrior

Illustrated notes

Levels and vault maps discovered:
D:1:      minmay_arrival_up_and_down, layout_basic, basic_ecumenical_altar
D:2:      layout_loops_ring, minmay_distorted
D:3:      layout_loops_ring, trog_butcher_becter, roderic_serpentine_path
D:4:      layout_basic, nicolae_elevator_lobby_asterisk
D:5:      layout_basic, nicolae_overflow_hidden_temple
D:6:      layout_gridville, minmay_temple_entry_trees, uniq_sigmund
D:7:      layout_gridville, mainiacjoe_overflow_24_doors, uniq_duvessa
D:8:      layout_loops_ring, uniq_maggie
D:9:      layout_gridville, amcnicky_altar_gilded, dpeg_lair_monsters,
          minmay_shattered_shrine, uniq_prince_ribbit1
D:10:     nzn_winding_woodlands_small [nzn_winding_woodlands_5x15_crooked,
          nzn_winding_woodlands_center_triple_pond,
          nzn_winding_woodlands_5x15_longhouse], layout_basic,
          gammafunk_temple_overflow_forgotten, guppyfry_shop_venom
D:11:     minmay_the_grid_triangle_9x9_recursive_2
          [minmay_the_grid_triangle_9x9_prize_top_heavy,
          minmay_the_grid_triangle_9x9_sprig,
          minmay_the_grid_triangle_9x9_from_above,
          minmay_the_grid_triangle_9x9_shrine], layout_loops_ring,
          nicolae_shop_firing_range, uniq_fannar, uniq_maurice

Skill      XL: |  1  2  3  4  5  6  7  8  9 10 11 12 |
---------------+-------------------------------------+-----
Axes           | 4 5 6 7 8 9 11 14 17 19 22 23 | 23.5
Fighting       | |  3.6
Armour         | |  2.4
Dodging        | |  2.1

Action                   |  1- 3 |  4- 6 |  7- 9 | 10-12 || total
-------------------------+-------+-------+-------+-------++-------
Melee: Hand axe          |    93 |   106 |    76 |       ||   275
       Punch             |     2 |       |     1 |     9 ||    12
       Headbutt          |    11 |    26 |    38 |    80 ||   155
       War axe           |       |       |   149 |   259 ||   408
       Broad axe         |       |       |       |   128 ||   128
Throw: Dart              |       |     7 |     5 |    34 ||    46
Invok: Berserk           |     1 |       |     4 |     6 ||    11
       Brothers in Arms  |       |       |       |     1 ||     1
  Use: Scroll            |       |       |    17 |     8 ||    25
       Potion            |       |       |     1 |       ||     1
 Stab: Distracted        |       |       |       |     1 ||     1
Armor: Animal skin       |     9 |       |       |       ||     9
       Leather armour    |    20 |    10 |       |       ||    30
       Plate armour      |       |    56 |   151 |   275 ||   482
Dodge: Dodged            |    64 |    39 |    82 |   116 ||   301
Block: Buckler           |       |       |       |    10 ||    10
